 Dungeon Crawl Stone Soup version 0.31-a0-18-gea43df2a32 (webtiles) character file.

Game seed: 9947366845183484838

789 hwolsky the Cudgeller (level 7, 24/44 HPs) *EXPLORE*
             Began as a Gargoyle Fighter on May 10, 2023.
             Quit the game on level 5 of the Dungeon.
             The game lasted 00:12:16 (4251 turns).

hwolsky the Cudgeller (Gargoyle Fighter)            Turns: 4251, Time: 00:12:17

Health: 24/44      AC: 17    Str: 24    XL:     7   Next: 87%
Magic:  7/7        EV:  9    Int:  9    God:
Gold:   228        SH:  0    Dex:  8    Spells: 6/6 levels left

rFire   + . .        a - +0 flail
rCold   x . .        c - +0 buckler
rNeg    + . .        b - +0 scale mail
rPois   ∞            (no helmet)
rElec   +            (no cloak)
rCorr   .            (no gloves)
SInv    .            f - +0 pair of boots
Will    .....        (no amulet) Stlth
                     e - ring of fire
HPRegen 0.27/turn    j - +4 ring of protection
MPRegen 0.10/turn

%: no passive effects
@: confused, weakened, unable to drink
A: sickness immunity, AC +4, negative energy resistance 1, electricity
resistance, torment resistance 1, petrification resistance, strong 1, inability
to drink after injury 1, MP-powered wands
a: no special abilities


You were on level 5 of the Dungeon.
You visited 1 branch of the dungeon, and saw 5 of its levels.

You collected 228 gold pieces.

Inventory:

Hand Weapons
 a - a +0 flail (weapon)
Armour
 b - a +0 scale mail (worn)
 c - a +0 buckler (worn)
 f - a +0 pair of boots (worn)
Jewellery
 e - a ring of fire (left hand)
 h - a ring of wizardry
 j - a +4 ring of protection (right hand)
 s - a ring of willpower
Scrolls
 k - 2 scrolls of teleportation
 n - 3 scrolls of identify
Potions
 d - a potion of might
 g - 2 potions of attraction
 i - a potion of flight
 l - a potion of ambrosia
 m - a potion of heal wounds
 o - a potion of degeneration
 p - a potion of mutation
 q - 2 potions of brilliance
 r - 2 potions of haste


   Skills:
 + Level 5.3 Fighting
 * Level 5.6 Maces & Flails
 + Level 5.2 Armour
 + Level 5.2 Shields


You had 6 spell levels left.
You didn't know any spells.
Your spell library contained the following spells:

 Spells                   Type           Power      Damage    Failure   Level
 Apportation              Tloc           0%         N/A       75%         1
 Necrotise                Necr           0%         1d4       75%         1
 Sandblast                Erth           0%         2d4       75%         1
 Summon Small Mammal      Summ           0%         N/A       75%         1
 Passwall                 Tmut/Erth      0%         N/A       86%         2
 Stone Arrow              Conj/Erth      0%         3d7       98%         3


Dungeon Overview and Level Annotations

Branches:
Dungeon (5/15) Zot: 25634
 Temple: D:4-7

Altars:
Cheibriados
Gozag


Innate Abilities, Weirdness & Mutations

You are immune to sickness and miasma.
Your stone body is resilient. (AC +4)
You are immune to poison.
You resist negative energy. (rN+)
You are resistant to electric shocks. (rElec)
You are resistant to unholy torment.
You are immune to petrification.
Your muscles are strong. (Str +4, Int/Dex -1)
You occasionally lose the ability to drink potions when taking damage.
You expend magic power (3 MP) to strengthen your wands.


Message History

You sock something!
The gnoll is no longer moving quickly. x3
The gnoll barely misses you. x2
The gnoll bouda gazes fiercely through you!
You feel your attacks grow feeble.
The gnoll bouda hits you with a +0 whip.
You feel threatened and lose the ability to drink potions!
Die? [Y]es or [N]o only, please.
Die?
Thought so.
The gnoll sergeant hits you but does no damage.
Something hits you but does no damage.
Unknown command.
You closely miss something.
The gnoll is no longer moving quickly.
The gnoll bouda barks out a call to the hunt!
The gnolls pick up the pace!
The gnoll hits you from afar with a +0 spear.
The gnoll sergeant barely misses you. Something hits you.
The gnoll closely misses you.
Unknown command.
You closely miss something.
The gnoll bouda hits you with a +0 whip.
The gnoll hits you but does no damage.
The gnoll sergeant hits you from afar with a +0 spear!
Something hits you but does no damage. The gnoll hits you but does no damage.
Unknown command.
You barely miss something.
The gnoll bouda gazes fiercely through you!
You feel as though you will be weak longer.
The gnoll bouda hits you with a +0 whip.
The gnoll hits you but does no damage.
The gnoll sergeant hits you from afar with a +0 spear.
You hear some strange, mumbled words.
You are confused.
The gnoll hits you from afar with a +0 spear.
The gnoll bouda gazes fiercely through you!
You feel as though you will be weak longer.
The gnoll bouda hits you but does no damage.
The gnoll bouda hits you but does no damage.
Are you sure you want to abandon this character and quit the game? (Confirm with "yes".)

. #.# #.... ..########.##
. #.... #.........†.#
..#....# #...#####..##
.....gg .####.#...##.....
....ogg ...#..^.......#.
...l{gg####.####.#.....#.
...olgg#...............#.
#).@........#>#.#.#.
###g#.........#.#...
###..#.#..#.#.####
##...#....#.#
######.....# #######


You could see a gnoll sergeant (swift), a gnoll bouda, 2 iguanas, an orc priest,
2 gnolls and an orc.

Vanquished Creatures
  Prince Ribbit (D:5)
  Sigmund (D:2)
  An ice beast (D:5)
  A scorpion (D:5)
  A hound (D:4)
  An iguana (D:4)
  Natasha (thrice) (D:2)
  An orc wizard (D:3)
  6 adders
  A gnoll (D:5)
  2 worms (D:2)
  3 dart slugs
  7 orcs
  3 endoplasms
  2 giant cockroaches
  8 goblins
  6 hobgoblins
  3 jackals (D:3)
  4 kobolds
  2 quokkas
  6 ball pythons
  4 bats
  4 frilled lizards
  4 rats (D:2)
75 creatures vanquished.

Notes
Turn   | Place    | Note
-------+----------+-------------------------------------------
     0 | D:1      | hwolsky the Gargoyle Fighter began the quest for the Orb.
     0 | D:1      | Reached XP level 1. HP: 14/14 MP: 1/1
   167 | D:1      | Reached XP level 2. HP: 19/19 MP: 2/2
   867 | D:1      | Entered explore mode.
   910 | D:2      | Reached XP level 3. HP: 9/23 MP: 3/3
  1274 | D:2      | Noticed Sigmund
  1284 | D:2      | Killed Sigmund
  1285 | D:2      | Reached XP level 4. HP: 22/29 MP: 4/4
  1285 | D:2      | Reached XP level 5. HP: 25/33 MP: 5/5
  1476 | D:2      | Reached XP level 6. HP: 38/38 MP: 6/6
  1531 | D:2      | Noticed Natasha
  1551 | D:2      | Slain by Natasha (6 damage)
  1554 | D:2      | Killed Natasha
  1596 | D:2      | Noticed Natasha
  1612 | D:2      | Killed Natasha
  2586 | D:2      | Noticed Natasha
  2611 | D:2      | Killed Natasha
  2646 | D:3      | Killed from afar by an orc wizard (3 damage)
                  | ... with a puff of flame
  2734 | D:3      | Gained mutation: You have very sharp teeth. [potion of
                  | mutation]
  2734 | D:3      | Gained mutation: You occasionally lose the ability to drink
                  | potions when taking damage. [potion of mutation]
  2734 | D:3      | Gained mutation: You have sharp toenails. [potion of
                  | mutation]
  2734 | D:3      | Gained mutation: You are robust. (+10% HP) [potion of
                  | mutation]
  2735 | D:3      | Lost mutation: You have very sharp teeth. [potion of
                  | mutation]
  2735 | D:3      | Lost mutation: You are robust. (+10% HP) [potion of
                  | mutation]
  2735 | D:3      | Lost mutation: You have sharp toenails. [potion of
                  | mutation]
  2735 | D:3      | Gained mutation: You expend magic power (3 MP) to
                  | strengthen your wands. [potion of mutation]
  2735 | D:3      | Gained mutation: Your muscles are strong. (Str +4, Int/Dex
                  | -1) [potion of mutation]
  2746 | D:3      | Found a snail-covered altar of Cheibriados.
  2753 | D:3      | Found an opulent altar of Gozag.
  3202 | D:3      | Identified the +2 dagger of Triumph {spect, rC+ Will+ Dex+3
                  | Stlth+}
  3209 | D:3      | Found a faded altar of an unknown god.
  3703 | D:4      | Reached XP level 7. HP: 44/44 MP: 7/7
  4015 | D:5      | Entered Level 5 of the Dungeon
  4030 | D:5      | Reached skill level 5 in Maces & Flails
  4088 | D:5      | Noticed Prince Ribbit
  4116 | D:5      | Mangled by Prince Ribbit (12 damage)
  4127 | D:5      | Killed Prince Ribbit
  4128 | D:5      | Reached skill level 5 in Fighting
  4128 | D:5      | Reached skill level 5 in Armour
  4128 | D:5      | Reached skill level 5 in Shields
  4245 | D:5      | HP: 2/44 [gnoll/+0 spear[a gnoll bouda] (2)]
  4246 | D:5      | Slain by a gnoll bouda
                  | ... wielding a +0 whip
                  | (6 damage)
  4251 | D:5      | Quit the game

Illustrated notes

Levels and vault maps discovered:
D:1:      dpeg_arrival_shrine, layout_basic
D:2:      layout_loops_corners, grunt_ministairs_6, uniq_natasha, uniq_sigmund
D:3:      layout_basic, grunt_temple_overflow_open,
          hellmonk_ecumenical_altar_pennies_from_heaven
D:4:      layout_gridville
D:5:      layout_basic, kennysheep_mini, fountainhead, nicolae_stop_n_shop_1,
          uniq_prince_ribbit1, uniq_duvessa, uniq_ijyb, uniq_pikel

Skill      XL: |  1  2  3  4  5  6  7 |
---------------+----------------------+-----
Fighting       | 4 5 |  5.3
Maces & Flails | 3 4 5 |  5.6
Armour         | 4 5 |  5.2
Shields        | 4 5 |  5.2

Action                     |  1- 3 |  4- 6 |  7- 9 || total
---------------------------+-------+-------+-------++-------
  Melee: Flail             |   121 |   213 |    73 ||   407
    Use: Scroll            |     4 |     7 |     2 ||    13
         Potion            |     1 |     2 |       ||     3
 Armour: Scale mail        |    88 |   193 |    72 ||   353
  Dodge: Dodged            |    70 |   154 |    55 ||   279
  Block: Buckler           |    30 |    79 |    21 ||   130

Table legend: (Time is in decaauts)
 A = Elapsed time spent in this place.
 B = Non-inter-level travel time spent in this place.
 C = Inter-level travel time spent in this place.
 D = Time resting spent in this place.
 E = Time spent auto-exploring this place.
 F = Levels seen in this place.
 G = Mean time per level.
                   A        B        C        D        E       F      G
               +--------+--------+--------+--------+--------+-----+--------+
         Total |   4365 |   4280 |     85 |     57 |   2294 |   5 |  873.0 |
       Dungeon |   4365 |   4280 |     85 |     57 |   2294 |   5 |  873.0 |
               +--------+--------+--------+--------+--------+-----+--------+

Top non-repeatable levels by time:
     D:2: 1810 daAuts
     D:1: 905 daAuts
     D:4: 716 daAuts
     D:3: 686 daAuts
     D:5: 247 daAuts
